[Event "Titled Tuesday Blitz October 25 Late 2022"]
[White "Vargas, Mauricio"]
[Black "Arbunic Castro, Giovanna"]
[WhiteFideId "4404572"]
[BlackFideId "3400549"]
[WhiteElo "2025"]
[BlackElo "1876"]
[Result "1-0"]
[Round "11"]
[TimeControl "180+1"]
[Date "2022.10.26"]
[WhiteClock "0:00:54"]
[BlackClock "0:00:09"]

1. e4 g6 2. Nc3 Bg7 3. f4 c5 4. Nf3 Nc6 5. Bb5 e6 6. Bxc6 bxc6 7. O-O Ne7 8. d3 O-O 9. Qe1 f5 10. e5 Rb8 11. Nb1 d6 12. c4 dxe5 13. Nxe5 Qd4+ 14. Be3 Qxb2 15. Nd2 Bxe5 16. fxe5 Qxe5 17. Qf2 f4 18. Bxc5 Rf7 19. Ne4 Rb2 20. Qh4 Nf5 21. Qd8+ Kg7 22. Qxc8 Ne3 23. Bxe3 fxe3 24. Rxf7+ Kxf7 25. Rf1+ Rf2 26. Nxf2 exf2+ 27. Rxf2+ Ke7 28. Qb7+ 1-0


[Site "https://www.chess.com"]

[Event "Titled Tuesday Blitz October 25 Late 2022"]
[White "Vlassov, Nikolai"]
[Black "Buscar, Michael"]
[WhiteFideId "4103360"]
[BlackFideId "2603616"]
[WhiteElo "2324"]
[BlackElo "2010"]
[Result "1-0"]
[Round "11"]
[TimeControl "180+1"]
[Date "2022.10.26"]
[WhiteClock "0:00:05"]
[BlackClock "0:00:22"]

1. e4 c5 2. c3 Nf6 3. e5 Nd5 4. d4 cxd4 5. cxd4 Nc6 6. Nc3 Nxc3 7. bxc3 d5 8. Bd3 e6 9. f4 Be7 10. Nf3 Na5 11. O-O Nc4 12. Qe2 Qc7 13. Bd2 Bd7 14. Rf2 h6 15. g4 O-O-O 16. f5 Kb8 17. Bf4 Ka8 18. Nd2 Nxd2 19. Bxd2 Rc8 20. Rb1 Bg5 21. Rb3 Bxd2 22. Qxd2 h5 23. h3 hxg4 24. hxg4 Rh3 25. Rh2 Rch8 26. Rxh3 Rxh3 27. Kg2 Rh8 28. Qg5 Qa5 29. Bb1 Qa6 30. Rb2 exf5 31. Qxg7 Rc8 32. Qxf7 Be6 33. Qxb7+ Qxb7 34. Rxb7 Kxb7 35. gxf5 Bg8 36. f6 Rxc3 37. Bf5 Rc6 38. Kf3 Kc7 39. Kf4 Be6 40. Bxe6 Rxe6 41. Kf5 Re8 42. f7 Rf8 43. Kf6 Kd7 44. e6+ Kd6 45. e7 Rb8 46. e8=Q Rb6 47. f8=Q+ Kc7+ 48. Ke5 Kb7 49. Qd7+ Ka6 50. Qa3# 1-0


[Site "https://www.chess.com"]

[Event "Titled Tuesday Blitz October 25 Late 2022"]
[White "Vovk, Orest"]
[Black "Sargsyan, Anna M."]
[WhiteFideId "14113490"]
[BlackFideId "13308130"]
[WhiteElo "2215"]
[BlackElo "2284"]
[Result "0-1"]
[Round "11"]
[TimeControl "180+1"]
[Date "2022.10.26"]
[WhiteClock "0:00:02"]
[BlackClock "0:00:14"]

1. h4 e5 2. h5 Nc6 3. Nf3 e4 4. Nh4 d5 5. g3 h6 6. d3 exd3 7. cxd3 Nf6 8. Ng2 Bd6 9. Nc3 d4 10. Nb1 Qe7 11. Bf4 Ne5 12. Bxe5 Qxe5 13. Nd2 Bg4 14. Qa4+ b5 15. Qc2 O-O 16. Nf4 Nxh5 17. Nxh5 Bxh5 18. f4 Qd5 19. Ne4 Bg6 20. Bg2 Bb4+ 21. Kf2 Qe6 22. Qb3 Qe7 23. g4 Bxe4 24. Bxe4 Rad8 25. g5 Qd6 26. Kf3 Bd2 27. Rh4 h5 28. g6 Qf6 29. Rah1 c5 30. Qc2 Be3 31. Qxc5 fxg6 32. Kg2 Bxf4 33. Bd5+ Kh7 34. R4h3 Qg5+ 0-1


[Site "https://www.chess.com"]

[Event "Titled Tuesday Blitz October 25 Late 2022"]
[White "Wieczorek, Zbigniew"]
[Black "Sabar, Ethmane Daouda"]
[WhiteFideId "1102001"]
[BlackFideId "19600097"]
[WhiteElo "2350"]
[BlackElo "1950"]
[Result "0-1"]
[Round "11"]
[TimeControl "180+1"]
[Date "2022.10.26"]
[WhiteClock "0:00:03"]
[BlackClock "0:00:04"]

1. e4 c5 2. Nf3 Nc6 3. Bb5 Na5 4. O-O a6 5. Be2 Nc6 6. d4 cxd4 7. Nxd4 e5 8. Nf3 d6 9. c4 Be6 10. Nc3 h6 11. Be3 Nf6 12. h3 Be7 13. Nd5 Rc8 14. Bb6 Qd7 15. Nd2 O-O 16. Rc1 g5 17. Be3 Kg7 18. Nb6 Qd8 19. Nxc8 Qxc8 20. c5 dxc5 21. Bxc5 Bxc5 22. Rxc5 Rd8 23. Qc1 Bxh3 24. gxh3 Qxh3 25. Rc3 Qh4 26. Rg3 Nd4 27. Bd1 Ne6 28. Nf3 Qxe4 29. Re1 Qf4 30. Bb3 Qxc1 31. Rxc1 e4 32. Bxe6 exf3 33. Bb3 g4 34. Rc4 h5 35. Rf4 Rd3 36. Bc2 Rd2 37. Bb3 Rd3 38. Bc2 Rd2 39. Bb3 Nd7 40. Rfxf3 Ne5 41. Re3 Nc6 42. Ref3 f6 43. Re3 Ne5 0-1


[Site "https://www.chess.com"]

[Event "Titled Tuesday Blitz October 25 Late 2022"]
[White "Winterberg, Lukas"]
[Black "Maksimovic, Bojan"]
[WhiteFideId "24622702"]
[BlackFideId "14408120"]
[WhiteElo "2349"]
[BlackElo "2447"]
[Result "1-0"]
[Round "11"]
[TimeControl "180+1"]
[Date "2022.10.26"]
[WhiteClock "0:00:12"]
[BlackClock "0:00:11"]

1. d4 Nf6 2. c4 g6 3. Nc3 Bg7 4. e4 d6 5. Be2 Nbd7 6. h3 e5 7. d5 Nc5 8. Qc2 O-O 9. Be3 b6 10. g4 Kh8 11. Nf3 Ng8 12. O-O-O a5 13. h4 Bxg4 14. Ng5 Bxe2 15. Qxe2 f6 16. Nh3 Bh6 17. Kb1 Qd7 18. f4 exf4 19. Nxf4 Rae8 20. Qf3 Qe7 21. Bxc5 Bxf4 22. Bxb6 Be5 23. Bxa5 Ra8 24. Bb4 Rfb8 25. a3 Nh6 26. Nb5 Nf7 27. Rc1 Qd7 28. Bc3 Kg7 29. h5 Ng5 30. Qd3 Re8 31. Rcf1 Nf7 32. Qf3 Ng5 33. Qg2 Bxc3 34. Nxc3 Qe7 35. Rf4 Qe5 36. Rhf1 Rab8 37. Ka2 Rf8 38. hxg6 hxg6 39. Qg4 Qd4 40. Qe2 Rh8 41. Nb5 Qe5 42. Qd3 Rh2 43. R4f2 Rxf2 44. Rxf2 Qxe4 45. Qc3 Qe5 46. Qxe5 dxe5 47. Nxc7 Ne4 48. Re2 Nc5 49. b4 Nd3 50. Rd2 e4 51. d6 f5 52. c5 Kf7 53. c6 Ne5 54. Na6 Ra8 55. b5 e3 56. Re2 f4 57. c7 Ke6 58. Nb8 Nc4 59. c8=Q+ Kd5 60. Qc6+ Kd4 61. Rc2 Rxa3+ 62. Kb1 Nd2+ 63. Kb2 Rb3+ 64. Ka2 Kd3 65. d7 Rb4 66. d8=Q+ Rd4 67. Qxd4+ Kxd4 68. Qc3+ Ke4 69. Rxd2 exd2 70. Qxd2 g5 71. Nc6 g4 72. Nd4 g3 73. Ne2 Kf3 74. Qxf4+ Kxe2 75. Qxg3 Kf1 76. Qc3 Ke2 77. b6 Kf1 78. b7 Kg1 79. b8=Q Kh1 80. Qb1+ Kg2 81. Qbb2+ Kf1 82. Qcc1# 1-0


[Site "https://www.chess.com"]

[Event "Titled Tuesday Blitz October 25 Late 2022"]
[White "Zhigalko, Sergei"]
[Black "Stoyanov, Tsvetan"]
[WhiteFideId "13502956"]
[BlackFideId "2917173"]
[WhiteElo "2662"]
[BlackElo "2349"]
[Result "1-0"]
[Round "11"]
[TimeControl "180+1"]
[Date "2022.10.26"]
[WhiteClock "0:00:04"]
[BlackClock "0:00:08"]

1. e4 c5 2. Nf3 d6 3. d4 cxd4 4. Qxd4 Nc6 5. Bb5 Bd7 6. Bxc6 Bxc6 7. Nc3 e5 8. Qd3 h6 9. Nd2 Nf6 10. Nc4 Rc8 11. O-O Be7 12. Ne3 O-O 13. Nf5 Bd7 14. Nxd6 Bxd6 15. Qxd6 Qa5 16. Be3 Rfd8 17. Qe7 Re8 18. Qd6 Red8 19. f4 exf4 20. Qxf4 Be6 21. a3 Re8 22. Rad1 Bc4 23. Rf2 Qh5 24. Rd4 Ng4 25. Rf3 Ne5 26. Rg3 Ng6 27. Qf5 Qxf5 28. exf5 Ne7 29. Rf4 f6 30. Bxa7 Rc6 31. Bd4 Kf7 32. h3 Rd8 33. Kh2 Bd5 34. Re3 Nc8 35. g4 Bc4 36. Ree4 Nd6 37. Re3 b5 38. b3 Rdc8 39. bxc4 Rxc4 40. Kg3 b4 41. axb4 Rxb4 42. Nd5 Rbc4 43. c3 Nb5 44. Re7+ Kf8 45. Ree4 Nd6 46. Re6 Nb5 47. h4 Ra4 48. Re2 Rcc4 49. Ne3 Rc8 50. Bc5+ Rxc5 51. Rxa4 Nxc3 52. Ra8+ Kf7 53. Ra7+ Kf8 54. Rc2 Rc4 55. Rxc3 Rxc3 56. Kf3 Rc8 57. Rd7 Re8 58. Rd4 Re7 59. Nd5 Rd7 60. Nf4 Ra7 61. Rd8+ Ke7 62. Rd3 Kf7 63. Rc3 Rb7 64. Nd5 Ke8 65. Rc8+ Kd7 66. Rg8 Kd6 67. Ne3 Rb3 68. Rxg7 Ke5 69. Rf7 Kd4 70. Re7 Rd3 71. Re4+ Kc5 72. Re6 Kd4 73. Ke2 Ra3 74. Nc2+ 1-0